 Dungeon Crawl Stone Soup version 0.31-a0-188-g5e087ee2ca (webtiles) character file.

Game seed: 16618478536715011908

2081 qw the Skirmisher (level 9, -2/46 (50) HPs)
             Began as a Deep Elf Hunter on June 23, 2023.
             Slain by a wight
             ... wielding a +0 great sword
              (11 damage)
             ... on level 7 of the Dungeon.
             The game lasted 00:02:17 (7060 turns).

qw the Skirmisher (Deep Elf Hunter)                 Turns: 7060, Time: 00:02:18

HP:   -2/46 (50)    AC:  7    Str: 12    XL:     9   Next: 6%
MP:   11/11         EV: 13    Int: 15    God:
Gold: 273           SH:  0    Dex: 18    Spells: 8/8 levels left

rFire   . . .        Y - +1 orcbow (flame)
rCold   . . .        (shield currently unavailable)
rNeg    . . .        d - +0 ring mail
rPois   .            o - +0 helmet
rElec   .            (no cloak)
rCorr   .            (no gloves)
SInv    .            f - +0 pair of boots
Will    +....        g - amulet of faith
Stlth   +            e - ring of willpower
HPRegen 0.27/turn    (no ring)
MPRegen 0.12/turn

%: faith
@: drained
A: no striking features
a: no special abilities


You were on level 7 of the Dungeon.
You visited 2 branches of the dungeon, and saw 8 of its levels.

You collected 273 gold pieces.


   Skills:
 - Level 3.0 Fighting
 + Level 14.5 Ranged Weapons
 - Level 1.0 Armour
 - Level 5.3 Dodging
 - Level 1.2 Stealth


You had 8 spell levels left.
You didn't know any spells.
Your spell library was empty.

Inventory:

Hand Weapons
 Y - a +1 orcbow of flaming (weapon)
Armour
 d - a +0 ring mail (worn)
 f - a +0 pair of boots (worn)
 h - a +1 leather armour of cold resistance
 o - a +0 helmet (worn)
Jewellery
 e - a ring of willpower (left hand)
 g - an amulet of faith (around neck)
 l - an amulet of reflection
Scrolls
 b - 2 scrolls of identify
 p - a scroll of silence {unknown}
Potions
 a - a potion of might
 c - a potion of heal wounds {unknown}
 i - a potion of curing
 j - 3 potions of enlightenment
 k - 2 potions of cancellation
 m - 3 potions of attraction {unknown}
 n - a potion of resistance {unknown}

Dungeon Overview and Level Annotations

Branches:
Dungeon (7/15)             Temple (1/1) D:4

Altars:
Ashenzari
Cheibriados
Dithmenos
Elyvilon
Fedhas
Gozag
Hepliaklqana
Kikubaaqudgha
Makhleb
Nemelex Xobeh
Qazlal
Ru
Sif Muna
Trog
Uskayaw
Vehumet
Wu Jian
Xom
Yredelemnul
Zin
The Shining One

Shops:
D:5 [


Message History

You shoot an arrow. The arrow hits the wight.
The arrow burns the wight.
The wight is heavily damaged.
The wight misses you. x2
You shoot an arrow. The arrow barely misses the wight.
The wight barely misses you. x2
You shoot an arrow. The arrow hits the wight.
The arrow burns the wight.
The wight is heavily damaged.
The wight hits you with a +0 flail. The wight barely misses you.
You shoot an arrow.
The arrow hits the wight but does no damage.
The wight is heavily damaged.
The wight misses you. The wight hits you with a +0 falchion.
You shoot an arrow. The arrow barely misses the wight.
You shoot an arrow. The arrow closely misses the wight.
The wight hits you with a +0 flail! The wight misses you.
The wight hits you with a +0 falchion.
You shoot an arrow. The arrow hits the wight.
The arrow burns the wight.
You destroy the wight!
The wight closely misses you. The wight barely misses you.
You shoot an arrow. The arrow hits the wight!
The arrow burns the wight.
The wight is severely damaged.
The wight misses you.
The wight hits you with a +0 great sword!
You feel drained.
You shoot an arrow. The arrow hits the wight.
The arrow burns the wight.
The wight is almost destroyed.
The wight closely misses you.
The wight hits you with a +0 great sword!
You feel drained.
You shoot an arrow. The arrow closely misses the wight.
The sky beast closely misses you. The wight hits you but does no damage.
The wight hits you with a +0 great sword.
You feel drained.
You shoot an arrow. The arrow hits the wight!
The arrow burns the wight.
You destroy the wight!
The sky beast flickers out of sight!
Deactivating autopickup; reactivate with Ctrl-A.
Something hits you. Something shocks you.
The wight hits you with a +0 great sword!
You die...

##.......## ######..
#).......## .... #.#
#)..)..#..#### ###..!. #.#
#............# ....... #.#
##...(........# .......
#####.# #######.......#
....... #.....# #
#.......##
...........###..
#######........##{=.......
###
................@)......
################.z...##. #
#.....# # ##(#### # .# #
.. # #.> # ## #


You could see a wight.

Vanquished Creatures
  Grinder (D:3)
  Prince Ribbit (D:6)
  A steam dragon (D:6)
  A black bear (D:6)
  An ice beast (D:6)
  An orc warrior (D:4)
  A centaur (D:6)
  A phantom (D:3)
  2 bullfrogs
  3 wights (D:7)
  A howler monkey (D:6)
  6 hounds
  2 orc priests (D:5)
  3 sleepcaps
  2 gnoll boudas
  4 iguanas
  5 orc wizards
  4 gnolls (D:6)
  8 adders
  3 white imps
  An ufetubus (D:6)
  3 worms
  24 orcs
  7 ball pythons
  13 endoplasms
  3 giant cockroaches
  6 goblins
  3 hobgoblins
  3 kobolds
  5 quokkas
  10 bats
  8 frilled lizards
  8 rats
145 creatures vanquished.

Vanquished Creatures (others)
  A bullfrog (D:6)
1 creature vanquished.

Grand Total: 146 creatures vanquished

Notes
Turn   | Place    | Note
-------+----------+-------------------------------------------
     0 | D:1      | qw the Deep Elf Hunter began the quest for the Orb.
     0 | D:1      | Reached XP level 1. HP: 12/12 MP: 3/3
     0 | D:1      | 0 ||| qw: Version: 0.3-a-9-g12657ce
     0 | D:1      | 0 ||| qw: Game counter: 3560
     0 | D:1      | 0 ||| qw: Always use a shield: true
     0 | D:1      | 0 ||| qw: God list: Okawaru
     0 | D:1      | 0 ||| qw: Allow faded altars: false
     0 | D:1      | 0 ||| qw: Do Orc after D:15 true
     0 | D:1      | 0 ||| qw: Do second Lair branch before Depths: true
     0 | D:1      | 0 ||| qw: Lair rune preference: random
     0 | D:1      | 0 ||| qw: Plans: Normal
     0 | D:1      | 0 ||| PLANNING D:1-11
   179 | D:1      | Reached XP level 2. HP: 16/16 MP: 4/4
   180 | D:1      | Reached skill level 6 in Ranged Weapons
  1094 | D:1      | 1094 ||| UPGRADING to +0 pair of boots.
  1099 | D:1      | 1099 ||| READING scroll labelled IBAENE HOKLOU.
  1100 | D:1      | 1100 ||| READING scroll labelled EZUPON DAURIC.
  1101 | D:1      | 1101 ||| READING scroll labelled KUUGINT OWNE.
  1104 | D:1      | 1104 ||| DROPPING scroll of butterflies.
  1210 | D:2      | Reached XP level 3. HP: 20/20 MP: 5/5
  1418 | D:2      | 1418 ||| UPGRADING to +0 ring mail.
  1428 | D:2      | 1428 ||| DROPPING +0 leather armour.
  1429 | D:2      | 1429 ||| READING scroll labelled PUMPOE MAAFU.
  1430 | D:2      | 1430 ||| DRINKING 2 fizzy black potions.
  1523 | D:2      | Reached skill level 7 in Ranged Weapons
  1702 | D:2      | 1702 ||| READING scroll labelled LEUGIRO XAPP.
  1754 | D:3      | 1754 ||| STAIRDANCE
  1758 | D:2      | Reached XP level 4. HP: 24/25 MP: 6/6
  1778 | D:3      | Noticed a phantom
  1795 | D:3      | Killed a phantom
  1796 | D:3      | Reached skill level 8 in Ranged Weapons
  1796 | D:3      | Reached XP level 5. HP: 13/29 MP: 7/7
  1935 | D:3      | Noticed Grinder
  1947 | D:3      | Killed Grinder
  1948 | D:3      | Reached skill level 10 in Ranged Weapons
  1948 | D:3      | Reached XP level 6. HP: 24/34 MP: 8/8
  2577 | D:3      | 2577 ||| UPGRADING to amulet of faith.
  2582 | D:3      | 2582 ||| UPGRADING to ring of willpower.
  2583 | D:3      | 2583 ||| READING scroll labelled SOUF ACHEI.
  2584 | D:3      | 2584 ||| READING scroll labelled NAHUQA MOEV.
  2585 | D:3      | 2585 ||| READING scroll labelled FEATIA QEZUHI.
  2586 | D:3      | 2586 ||| READING 3 scrolls of identify.
  2586 | D:3      | 2586 ||| IDENTIFYING metallic red potion
  2587 | D:3      | 2587 ||| DROPPING potion of brilliance.
  2589 | D:3      | 2589 ||| Stepping ~*~*~tactically~*~*~ (cloud).
  2702 | D:4      | Found a staircase to the Ecumenical Temple.
  2703 | D:4      | 2703 ||| PLANNING TEMPLE
  2703 | D:4      | 2703 ||| STAIRDANCE
  2707 | D:4      | 2707 ||| STAIRDANCE
  2717 | Temple   | Entered the Ecumenical Temple
  2967 | Temple   | 2967 ||| PLANNING D:1-11
  3057 | D:4      | Reached skill level 3 in Dodging
  3219 | D:4      | Reached skill level 1 in Armour
  3469 | D:4      | Reached XP level 7. HP: 36/40 MP: 9/9
  3555 | D:4      | You fall into a shaft and drop 1 floor!
  3555 | D:5      | Entered Level 5 of the Dungeon
  3625 | D:5      | Found Syofeza's Armour Boutique.
  3683 | D:5      | 3683 ||| DRINKING 3 sedimented coppery potions.
  3684 | D:5      | 3684 ||| READING 3 scrolls of identify.
  3684 | D:5      | 3684 ||| IDENTIFYING pink potion
  3685 | D:5      | 3685 ||| READING 2 scrolls of identify.
  3685 | D:5      | 3685 ||| IDENTIFYING silvery potion
  3686 | D:5      | 3686 ||| DROPPING potion of lignification.
  3900 | D:4      | Reached skill level 11 in Ranged Weapons
  3909 | D:4      | 3909 ||| SWAPPING to +0 orcbow of flaming.
  3910 | D:4      | 3910 ||| DROPPING +1 shortbow.
  4024 | D:4      | 4024 ||| READING 2 scrolls of identify.
  4024 | D:4      | 4024 ||| IDENTIFYING black potion
  4144 | D:5      | HP: 10/40 [orc wizard/+0 dagger (1)]
  4145 | D:5      | 4145 ||| READING 3 scrolls of teleportation.
  4146 | D:5      | HP: 1/40 [orc wizard/puff of flame (9)]
  4157 | D:5      | 4157 ||| READING 2 scrolls of teleportation.
  4595 | D:5      | 4595 ||| READING scroll of enchant weapon.
  4595 | D:5      | 4595 ||| ENCHANTING +0 orcbow of flaming.
  4622 | D:5      | 4622 ||| FLEEEEING.
  4623 | D:5      | 4623 ||| FLEEEEING.
  4635 | D:5      | Reached skill level 12 in Ranged Weapons
  5006 | D:5      | Reached skill level 3 in Fighting
  5065 | D:5      | 5065 ||| UPGRADING to +0 helmet.
  5070 | D:5      | 5070 ||| READING 3 scrolls labelled WOESARIAKA.
  5141 | D:5      | 5141 ||| READING 2 scrolls labelled ORYIQUMOER.
  5142 | D:5      | 5142 ||| DROPPING 2 scrolls of torment.
  5143 | D:5      | 5143 ||| DROPPING scroll of immolation.
  5201 | D:6      | Reached XP level 8. HP: 46/46 MP: 10/10
  5386 | D:6      | Noticed Prince Ribbit
  5397 | D:6      | Killed Prince Ribbit
  5460 | D:6      | 5460 ||| FLEEEEING.
  5461 | D:6      | 5461 ||| FLEEEEING.
  5462 | D:6      | 5462 ||| FLEEEEING.
  5544 | D:6      | Reached skill level 13 in Ranged Weapons
  5556 | D:6      | HP: 10/46 [ice beast (14)]
  5557 | D:6      | 5557 ||| READING scroll of teleportation.
  6062 | D:6      | Reached skill level 14 in Ranged Weapons
  6092 | D:6      | 6092 ||| Stepping ~*~*~tactically~*~*~ (cloud).
  6102 | D:6      | HP: 4/46 [steam dragon/ball of steam (13)]
  6104 | D:6      | 6104 ||| Stepping ~*~*~tactically~*~*~ (cloud).
  6650 | D:6      | 6650 ||| READING 3 scrolls of identify.
  6650 | D:6      | 6650 ||| IDENTIFYING smoky white potion
  6651 | D:6      | 6651 ||| READING 2 scrolls of identify.
  6651 | D:6      | 6651 ||| IDENTIFYING dark potion
  6652 | D:6      | 6652 ||| DROPPING potion of degeneration.
  6653 | D:6      | 6653 ||| DROPPING potion of berserk rage.
  6842 | D:7      | Reached XP level 9. HP: 50/50 MP: 11/11
  7060 | D:7      | HP: 9/46 [something (5)]
  7060 | D:7      | Slain by a wight

Levels and vault maps discovered:
D:1:      amcnicky_arrival_double_pillar, layout_basic
D:2:      layout_basic, grunt_decor_one_mirror
D:3:      layout_basic, uniq_grinder
D:4:      kb_forest_paths, layout_basic, minmay_temple_entry_butterflies,
          kennysheep_generic_room_8
D:5:      layout_basic, serial_shops, shop_coins
D:6:      layout_basic, mrwooster_statue_mirror, uniq_prince_ribbit1
D:7:      layout_basic, uniq_maggie
Temple:   nicolae_temple_the_god_donut

Skill      XL: |  1  2  3  4  5  6  7  8 |
---------------+-------------------------+-----
Ranged Weapons | 6 7 8 10 12 14 | 14.5
Fighting       | 2 3 |  3.0
Dodging        | 3 5 |  5.3
Armour         | 1 |  1.0
Stealth        | |  1.2

Action                     |  1- 3 |  4- 6 |  7- 9 || total
---------------------------+-------+-------+-------++-------
   Fire: Shortbow          |    98 |   139 |    36 ||   273
         Orcbow            |       |       |   202 ||   202
    Use: Scroll            |     5 |     4 |    11 ||    20
         Potion            |     1 |       |     1 ||     2
 Armour: Leather armour    |     5 |       |       ||     5
         Ring mail         |     6 |    21 |    26 ||    53
  Dodge: Dodged            |    12 |    27 |    82 ||   121

Table legend:
 A = Non-vault XP
 B = Vault XP
 C = Vault XP percentage of total XP
 D = Non-vault monster count
 E = Vault monster count
 F = Vault count percentage of total count
                 A         B        C        D         E       F
            +---------+---------+-------+---------+---------+-------
      Total |    2323 |     722 |  23.7 |     137 |       8 |   5.5
            +---------+---------+-------+---------+---------+-------
        D:1 |      34 |       0 |   0.0 |      23 |       0 |   0.0
        D:2 |      84 |       0 |   0.0 |      20 |       0 |   0.0
        D:3 |     178 |     295 |  62.4 |      18 |       1 |   5.3
        D:4 |     177 |     176 |  49.9 |      21 |       6 |  22.2
        D:5 |     447 |       0 |   0.0 |      20 |       0 |   0.0
        D:6 |    1052 |     251 |  19.3 |      27 |       1 |   3.6
        D:7 |     351 |       0 |   0.0 |       8 |       0 |   0.0
            +---------+---------+-------+---------+---------+-------
